 Dungeon Crawl Stone Soup version 0.30-a0-121-gb27577e5d9 (webtiles) character file.

Game seed: 13722823801072909627

2350 ragingrage the Covert (level 9, -10/48 HPs)
             Began as a Kobold Brigand on Sept 14, 2022.
             Killed from afar by a steam dragon (19 damage)
             ... with a ball of steam
             ... on level 7 of the Dungeon.
             The game lasted 00:06:51 (6843 turns).

ragingrage the Covert (Kobold Brigand)              Turns: 6843, Time: 00:06:52

Health: -10/48     AC:  4    Str:  9    XL:     9   Next: 71%
Magic:  9/9        EV: 18    Int: 12    God:
Gold:   243        SH:  0    Dex: 20    Spells: 8/8 levels left

rFire   . . .      SeeInvis .    a - +11 rapier of the Lair of Beasts {freeze, Drain rElec rCorr}
rCold   + . .      Faith    .    (no shield)
rNeg    . . .      Spirit   .    s - +0 robe
rPois   .          Reflect  .    (no helmet)
rElec   +          Harm     .    w - +0 cloak
rCorr   +          Rampage  .    E - +0 pair of gloves
Will    .....                    (no boots)
Stlth   ++++++....               (no amulet)
HPRegen 0.16/turn                f - +4 ring of evasion
MPRegen 0.11/turn                i - ring of protection from cold

@: no status effects
A: small, no large weapons, nightstalker 3
a: no special abilities


You were on level 7 of the Dungeon.
You visited 2 branches of the dungeon, and saw 8 of its levels.

You collected 243 gold pieces.

Inventory:

Hand Weapons
 a - the +11 rapier of the Lair of Beasts (weapon) {freeze, Drain rElec rCorr}
   (You found it on level 5 of the Dungeon)

   It freezes those it strikes, dealing additional cold damage.
   It can also slow down cold-blooded creatures.
   rElec:     It insulates you from electricity.
   rCorr:     It protects you from acid and corrosion.
   Drain:     It drains your maximum health when unequipped.
 b - the +7 sling of Urobac {speed, +Blink SInv}
   (You found it on level 3 of the Dungeon)

   Attacks with this weapon are significantly faster.
   SInv:      It lets you see invisible.
   +Blink:    It lets you blink.
Missiles
 c - a throwing net (quivered)
 d - 27 poisoned darts
 G - a curare-tipped dart
Armour
 e - a +0 kite shield
 s - a +0 robe (worn)
 w - a +0 cloak (worn)
 y - a +4 scale mail of cold resistance
 E - a +0 pair of gloves (worn)
Jewellery
 f - a +4 ring of evasion (left hand)
 i - a ring of protection from cold (right hand)
 v - an amulet of regeneration
Wands
 n - a wand of flame (34)
Scrolls
 g - 6 scrolls of identify
 h - a scroll of teleportation
 j - a scroll of poison
 k - 4 scrolls of enchant weapon {unknown}
 l - a scroll of acquirement {unknown}
 m - 2 scrolls of noise {unknown}
 q - a scroll of butterflies {unknown}
 u - 2 scrolls of vulnerability {unknown}
 A - 2 scrolls of enchant armour {unknown}
 D - 2 scrolls of immolation {unknown}
Potions
 p - 2 potions of haste {unknown}
 r - a potion of attraction {unknown}
 t - 2 potions of lignification {unknown}
 x - 2 potions of mutation {unknown}
 z - a potion of brilliance {unknown}
 B - a potion of might {unknown}
 C - 3 potions of degeneration {unknown}
 F - a potion of flight {unknown}


   Skills:
 - Level 2.1 Fighting
 + Level 10.7 Short Blades
 - Level 6.0 Throwing
 - Level 1.2 Dodging
 + Level 12.3 Stealth


You had 8 spell levels left.
You didn't know any spells.
Your spell library contained the following spells:

 Spells                   Type           Power      Damage    Failure   Level
 Blink                    Tloc           0%         N/A       45%         2
 Ensorcelled Hibernation  Hex/Ice        0%         N/A       45%         2
 Passwall                 Tmut/Erth      0%         N/A       45%         2
 Ignite Poison            Fire/Tmut/Pois 0%         N/A       69%         3
 Inner Flame              Hex/Fire       0%         N/A       69%         3
 Mephitic Cloud           Conj/Pois/Air  0%         N/A       69%         3
 Swiftness                Air            0%         N/A       69%         3
 Cause Fear               Hex            0%         N/A       97%         4
 Manifold Assault         Tloc           0%         N/A       97%         4
 Freezing Cloud           Conj/Ice/Air   0%         6-21      100%        5
 Storm Form               Tmut/Air       0%         N/A       100%        7
 Discord                  Hex            0%         N/A       100%        8


Dungeon Overview and Level Annotations

Branches:
Dungeon (6/15)             Temple (1/1) D:4

Altars:
Ashenzari
Dithmenos
Gozag
Hepliaklqana
Kikubaaqudgha
Makhleb
Nemelex Xobeh
Okawaru
Qazlal
Ru
Sif Muna
Uskayaw
Xom


Innate Abilities, Weirdness & Mutations

You are small and have problems with some larger weapons.
You are completely attuned to the shadows.


Message History

The steam dragon is severely wounded.
A bullfrog comes into view.
You hit the steam dragon. You freeze the steam dragon.
The steam dragon is severely wounded.
The steam dragon completely misses you. The steam dragon claws you.
The steam dragon attacks as you move away!
The steam dragon barely misses you. x2
The bullfrog hits you.
* * * LOW HITPOINT WARNING * * *
The steam dragon breathes steam at you. The ball of steam hits you!
* * * LOW HITPOINT WARNING * * *
You hear a bark!
Okay, then.
The bullfrog attacks as you move away! The bullfrog closely misses you.
The centaur shoots an arrow.
The arrow misses you.
Unknown command.
It was a potion of curing.
You feel better.
The bullfrog is engulfed in a cloud of scalding steam.
The bullfrog hits you!
* * * LOW HITPOINT WARNING * * *
The bullfrog is engulfed in a cloud of scalding steam.
The bullfrog closely misses you.
Unknown command.
The bullfrog is engulfed in a cloud of scalding steam.
Unknown command.
Okay, then.
The air fills with toxic fumes!
As you read the scroll labelled YXTINU OTRI, it crumbles to dust.
It was a scroll of poison.
The bullfrog hits you but does no damage.
The bullfrog closely misses you.
You feel better.
The bullfrog is engulfed in a cloud of scalding steam.
The bullfrog hits you.
* * * LOW HITPOINT WARNING * * *
The centaur is engulfed in a cloud of scalding steam.
The steam dragon breathes steam at you. The ball of steam hits you!!
You die...

####################
........ggc§†.......
......g..g###.......
#.......### #§§.....
#.....### ##..§..##
#....## #c§§§.##
.g..## ##FD§###
#@§§## ##§§## ##§§##
##§§## ##§§§#
##...## ##)..## ..#
##....# ..# ##....##


You could see a steam dragon (catching breath), a bullfrog and a centaur.

Vanquished Creatures
  Sigmund (D:4)
  A vampire mosquito (D:7)
  Edmund (D:4)
  A water moccasin (D:5)
  An orc warrior (D:7)
  A black bear (D:7)
  An ice beast (D:6)
  An ogre (D:5)
  3 phantoms
  Blork the orc (D:4)
  A gnoll sergeant (D:5)
  3 necrophages
  2 scorpions
  4 wights (D:6)
  A jelly (D:5)
  A gnoll bouda (D:5)
  5 hounds
  4 iguanas
  3 orc wizards
  Robin (D:4)
  7 gnolls
  6 adders
  3 white imps
  A worm (D:3)
  4 dart slugs
  7 orcs
  6 ball pythons
  7 endoplasms
  4 giant cockroaches
  13 goblins
  11 hobgoblins
  4 jackals
  4 kobolds
  A quokka (D:1)
  9 bats
  2 frilled lizards
  4 rats
130 creatures vanquished.

Vanquished Creatures (others)
  A withered plant (D:2)
1 creature vanquished.

Grand Total: 131 creatures vanquished

Notes
Turn   | Place    | Note
-------+----------+-------------------------------------------
     0 | D:1      | ragingrage the Kobold Brigand began the quest for the Orb.
     0 | D:1      | Reached XP level 1. HP: 12/12 MP: 1/1
   106 | D:1      | Reached XP level 2. HP: 17/17 MP: 2/2
   359 | D:1      | Reached XP level 3. HP: 21/21 MP: 3/3
   940 | D:2      | Reached skill level 6 in Stealth
  1110 | D:2      | Reached XP level 4. HP: 26/26 MP: 4/4
  1623 | D:2      | Found a faded altar of an unknown god.
  1911 | D:3      | Identified the +7 sling of Urobac {speed, +Blink SInv}
  2338 | D:3      | Reached XP level 5. HP: 16/30 MP: 5/5
  2684 | D:4      | Found an iron altar of Okawaru.
  2711 | D:4      | Noticed Blork the orc
  2720 | D:4      | Killed Blork the orc
  2725 | D:4      | Noticed Edmund
  2750 | D:4      | Killed Edmund
  2751 | D:4      | Reached skill level 5 in Short Blades
  2751 | D:4      | Reached skill level 7 in Stealth
  2751 | D:4      | Reached XP level 6. HP: 31/35 MP: 6/6
  3046 | D:4      | Found a staircase to the Ecumenical Temple.
  3052 | Temple   | Entered the Ecumenical Temple
  3084 | D:4      | Noticed Robin
  3125 | D:4      | Killed Robin
  3284 | D:4      | Reached XP level 7. HP: 12/40 MP: 7/7
  3613 | D:4      | Reached skill level 5 in Throwing
  3667 | D:4      | Noticed Sigmund
  3672 | D:4      | Killed Sigmund
  3673 | D:4      | Reached skill level 8 in Stealth
  3843 | D:4      | Noticed a water elemental
  3845 | D:4      | Found a stormy altar of Qazlal.
  3848 | D:4      | Noticed an air elemental
  3848 | D:4      | Noticed a fire elemental
  3927 | D:4      | Reached XP level 8. HP: 39/44 MP: 8/8
  4059 | D:5      | Entered Level 5 of the Dungeon
  4211 | D:5      | Reached skill level 9 in Stealth
  4220 | D:5      | Found an opulent altar of Gozag.
  4220 | D:5      | Found a shimmering blue altar of Sif Muna.
  4220 | D:5      | Found a hide-covered altar of Uskayaw.
  5028 | D:5      | Reached skill level 10 in Stealth
  5043 | D:5      | Identified the +11 rapier of the Lair of Beasts {freeze,
                  | Drain rElec rCorr}
  5219 | D:5      | Found a shadowy altar of Dithmenos.
  5729 | D:5      | Found a sacrificial altar of Ru.
  5802 | D:5      | Reached XP level 9. HP: 48/48 MP: 9/9
  6005 | D:6      | Reached skill level 11 in Stealth
  6446 | D:6      | Reached skill level 10 in Short Blades
  6609 | D:6      | You fall into a shaft and drop 1 floor!
  6639 | D:7      | Reached skill level 12 in Stealth
  6838 | D:7      | HP: 1/48 [steam dragon/ball of steam (11)]
  6843 | D:7      | Killed from afar by a steam dragon

Illustrated notes

Levels and vault maps discovered:
D:1:      dpeg_arrival_tiny_a, layout_loops_ring
D:2:      cheibrodos_pilgrimage, layout_basic,
          shapermc_ecumenical_altar_flowoftime, dk_vineyard_3
D:3:      layout_rooms, minmay_misc_feat_doors, kennysheep_donut,
          kennysheep_cross_room, grunt_decor_junction
D:4:      layout_basic, mainiacjoe_overflow_catwalk,
          nicolae_qazlal_style_of_elements, minmay_temple_entry_junction_2,
          uniq_robin, uniq_blork_the_orc, uniq_edmund, uniq_sigmund
D:5:      layout_cave_pods, kennysheep_mini_moat, lemuel_doored_altar,
          gammafunk_temple_overflow_claw
D:6:      layout_basic, good_gods_mini_temple, nicolae_shop_i_like_big_books
D:7:      minmay_thick_lines, layout_basic, nzn_wu_jian_contemplation,
          gammafunk_ghost_necromancy, minivault_23
Temple:   hellmonk_temple_rainy

Skill      XL: |  1  2  3  4  5  6  7  8  9 |
---------------+----------------------------+-----
Short Blades   | 3 4 5 6 8 10 | 10.7
Throwing       | 3 4 5 6 |  6.0
Stealth        | 6 7 8 10 12 | 12.3
Fighting       | |  2.1
Dodging        | |  1.2

Action                   |  1- 3 |  4- 6 |  7- 9 || total
-------------------------+-------+-------+-------++-------
Melee: Dagger            |    50 |    74 |       ||   124
       Punch             |     1 |     2 |     3 ||     6
       Short sword       |       |    11 |    80 ||    91
       Rapier            |       |       |    81 ||    81
 Fire: Sling             |       |    37 |    23 ||    60
Throw: Dart              |       |     6 |     2 ||     8
  Use: Scroll            |       |     1 |     2 ||     3
       Potion            |       |       |     2 ||     2
 Stab: Sleeping          |    20 |    12 |    19 ||    51
       Distracted        |       |       |     3 ||     3
Armor: Robe              |     5 |    10 |    23 ||    38
Dodge: Dodged            |    18 |    48 |   101 ||   167

Table legend: (Time is in decaauts)
 A = Elapsed time spent in this place.
 B = Non-inter-level travel time spent in this place.
 C = Inter-level travel time spent in this place.
 D = Time resting spent in this place.
 E = Time spent auto-exploring this place.
 F = Levels seen in this place.
 G = Mean time per level.
                   A        B        C        D        E       F      G
               +--------+--------+--------+--------+--------+-----+--------+
         Total |   6742 |   6558 |    184 |    899 |   4669 |   8 |  842.8 |
       Dungeon |   6711 |   6527 |    184 |    899 |   4657 |   7 |  958.7 |
        Temple |     30 |     30 |      0 |      0 |     12 |   1 |   30.0 |
               +--------+--------+--------+--------+--------+-----+--------+

Top non-repeatable levels by time:
     D:5: 1800 daAuts
     D:4: 1492 daAuts
     D:2: 984 daAuts
     D:1: 886 daAuts
     D:3: 779 daAuts
     D:6: 542 daAuts
     D:7: 225 daAuts
  Temple: 30 daAuts
